[ PARTIDA AOE2 · #462304087 ]
UnrankedTártaros vs Ethiopians
[ ANÁLISIS DE REPETICIÓN · EXTRAÍDO DE LA PARTIDA GRABADA ]
Feudal
9:19
Castillos
21:22
Imperial
42:20
| APM promedio | 22.2 |
| APM pico | 49 |
| eAPM promedio | 14.7 |
| Aldeanos / militares | 118 / 156 |
Foco
⚔️ 37.1% · 🌾 62.9%
Cavalry Archer ×81 · Scout Cavalry ×53 · Skirmisher ×12 · Trebuchet (Packed) ×5 · Monk ×4 · Spearman ×1
Feudal
9:22
Castillos
23:17
Imperial
43:00
| APM promedio | 29.9 |
| APM pico | 65 |
| eAPM promedio | 12.7 |
| Aldeanos / militares | 125 / 252 |
Foco
⚔️ 29.7% · 🌾 70.3%
Archer ×161 · Spearman ×88 · Trebuchet (Packed) ×3
Feudal
11:50
Castillos
15:12
Imperial
46:51
| APM promedio | 30.6 |
| APM pico | 58 |
| eAPM promedio | 17.7 |
| Aldeanos / militares | 158 / 138 |
Foco
⚔️ 29.5% · 🌾 70.5%
Knight ×70 · Scout Cavalry ×45 · Scorpion ×10 · Ballista Elephant ×8 · Monk ×3 · Trebuchet (Packed) ×2
Feudal
9:30
Castillos
21:10
Imperial
40:00
| APM promedio | 40.4 |
| APM pico | 65 |
| eAPM promedio | 22.7 |
| Aldeanos / militares | 154 / 171 |
Foco
⚔️ 31.0% · 🌾 69.0%
Knight ×97 · Skirmisher ×62 · Trebuchet (Packed) ×7 · Spearman ×3 · Monk ×2
Mapa de la partida
Recursos iniciales + cada clic de construcción. Líneas = muros · curvas = relieve. ◆ oro · ⬟ piedra · ● bayas · ✦ reliquia · ◌ hueco del cierre
Tu base· Abierta — hueco de 7t
Base de Miel· Abierta — hueco de 11t
Base de sourover· Abierta — flanco sin cerrar
Base de Edarin· ✓ Cerrada en 21:10 · 46t muro · 2 puerta(s)
Terreno inicial suavizado · ◌ = hueco del cierre detectado · pasá el cursor para detalles
Inputs por minuto
— Fresh Keppler | BigF - - Miel
Build order — Fresh Keppler | BigF
Primeras 150 de 453 acciones detectadas
| 0:01 | Crear | Villager (Male) |
| 0:02 | Crear | Villager (Male) |
| 0:02 | Crear | Villager (Male) |
| 0:03 | Construir | House |
| 0:04 | Construir | House |
| 0:29 | Crear | Villager (Male) |
| 0:29 | Crear | Villager (Male) |
| 1:38 | Crear | Villager (Male) |
| 1:38 | Crear | Villager (Male) |
| 1:53 | Construir | Lumber Camp |
| 1:54 | Crear | Villager (Male) |
| 2:25 | Crear | Villager (Male) |
| 2:39 | Construir | House |
| 2:51 | Crear | Villager (Male) |
| 3:00 | Crear | Villager (Male) |
| 4:14 | Crear | Villager (Male) |
| 4:14 | Crear | Villager (Male) |
| 4:24 | Crear | Villager (Male) |
| 4:48 | Crear | Villager (Male) |
| 5:08 | Construir | Mill |
| 5:40 | Crear | Villager (Male) |
| 5:47 | Construir | House |
| 6:02 | Crear | Villager (Male) |
| 6:41 | Crear | Villager (Male) |
| 7:08 | Investigar | Feudal Age |
| 7:37 | Crear | Villager (Male) |
| 7:50 | Construir | Palisade Wall |
| 7:55 | Construir | Palisade Wall |
| 7:59 | Construir | Palisade Wall |
| 8:14 | Investigar | Loom |
| 8:17 | Crear | Villager (Male) |
| 9:19 | Edad | Edad Feudal |
| 9:34 | Construir | Barracks |
| 9:53 | Crear | Villager (Male) |
| 10:04 | Crear | Villager (Male) |
| 10:25 | Construir | House |
| 10:50 | Construir | Stable |
| 10:53 | Crear | Villager (Male) |
| 10:58 | Construir | House |
| 11:18 | Construir | Farm |
| 11:20 | Crear | Villager (Male) |
| 11:28 | Construir | Farm |
| 11:31 | Crear | Villager (Male) |
| 11:37 | Construir | Mining Camp |
| 11:52 | Crear | Scout Cavalry |
| 11:52 | Crear | Scout Cavalry |
| 11:59 | Construir | House |
| 12:09 | Construir | Palisade Wall |
| 12:10 | Crear | Villager (Male) |
| 12:18 | Construir | Farm |
| 12:18 | Construir | Farm |
| 12:18 | Construir | Farm |
| 12:20 | Construir | Farm |
| 12:21 | Construir | Farm |
| 12:40 | Crear | Scout Cavalry |
| 12:49 | Crear | Villager (Male) |
| 12:49 | Crear | Villager (Male) |
| 12:57 | Construir | Farm |
| 13:08 | Crear | Spearman |
| 13:10 | Crear | Villager (Male) |
| 13:18 | Construir | Farm |
| 13:22 | Construir | Farm |
| 14:04 | Crear | Villager (Male) |
| 14:13 | Crear | Villager (Male) |
| 14:25 | Crear | Villager (Male) |
| 15:04 | Crear | Villager (Male) |
| 15:22 | Crear | Villager (Male) |
| 15:24 | Construir | Farm |
| 15:25 | Construir | Farm |
| 15:25 | Construir | Farm |
| 15:25 | Construir | Farm |
| 15:25 | Construir | Farm |
| 15:26 | Construir | Farm |
| 15:26 | Construir | Farm |
| 15:49 | Crear | Villager (Male) |
| 15:58 | Crear | Villager (Male) |
| 16:12 | Construir | House |
| 16:14 | Construir | House |
| 16:50 | Crear | Villager (Male) |
| 17:01 | Crear | Villager (Male) |
| 17:08 | Construir | Archery Range |
| 17:13 | Crear | Villager (Male) |
| 17:32 | Crear | Villager (Male) |
| 17:44 | Construir | Farm |
| 17:57 | Construir | House |
| 18:15 | Crear | Villager (Male) |
| 18:31 | Investigar | Double-Bit Axe |
| 18:42 | Investigar | Castle Age |
| 19:09 | Investigar | Horse Collar |
| 19:13 | Investigar | Gold Mining |
| 19:46 | Crear | Villager (Male) |
| 20:31 | Crear | Villager (Male) |
| 20:42 | Construir | Blacksmith |
| 20:57 | Construir | Lumber Camp |
| 21:12 | Investigar | Bloodlines |
| 21:22 | Edad | Edad de los Castillos |
| 21:25 | Construir | Town Center |
| 21:35 | Crear | Cavalry Archer |
| 21:35 | Crear | Cavalry Archer |
| 21:40 | Investigar | Padded Archer Armor |
| 21:41 | Investigar | Fletching |
| 21:42 | Crear | Villager (Male) |
| 21:59 | Crear | Villager (Male) |
| 21:59 | Crear | Villager (Male) |
| 22:08 | Construir | House |
| 22:13 | Crear | Villager (Male) |
| 22:14 | Crear | Villager (Male) |
| 22:22 | Construir | Farm |
| 22:24 | Construir | Farm |
| 22:28 | Crear | Villager (Male) |
| 22:32 | Crear | Cavalry Archer |
| 22:50 | Crear | Villager (Male) |
| 22:51 | Crear | Villager (Male) |
| 22:58 | Crear | Cavalry Archer |
| 23:07 | Construir | Farm |
| 23:10 | Crear | Villager (Male) |
| 23:12 | Crear | Cavalry Archer |
| 23:21 | Crear | Cavalry Archer |
| 23:23 | Crear | Villager (Male) |
| 23:24 | Crear | Villager (Male) |
| 23:42 | Construir | House |
| 23:45 | Crear | Villager (Male) |
| 23:50 | Crear | Cavalry Archer |
| 24:02 | Crear | Cavalry Archer |
| 24:11 | Construir | Archery Range |
| 24:23 | Crear | Scout Cavalry |
| 24:35 | Construir | Monastery |
| 24:55 | Crear | Villager (Male) |
| 24:55 | Crear | Villager (Male) |
| 24:58 | Crear | Cavalry Archer |
| 24:59 | Crear | Cavalry Archer |
| 25:00 | Crear | Villager (Male) |
| 25:01 | Crear | Villager (Male) |
| 25:05 | Crear | Villager (Male) |
| 25:05 | Crear | Villager (Male) |
| 25:16 | Crear | Scout Cavalry |
| 25:16 | Crear | Scout Cavalry |
| 25:38 | Crear | Monk |
| 25:43 | Crear | Villager (Male) |
| 25:44 | Crear | Villager (Male) |
| 25:52 | Construir | Market |
| 25:54 | Crear | Villager (Male) |
| 25:55 | Crear | Villager (Male) |
| 26:00 | Construir | House |
| 26:02 | Construir | House |
| 26:03 | Construir | House |
| 26:33 | Investigar | Bodkin Arrow |
| 26:35 | Crear | Villager (Male) |
| 26:35 | Crear | Villager (Male) |
| 26:52 | Crear | Villager (Male) |
Build order — Miel
Primeras 150 de 319 acciones detectadas
| 0:00 | Crear | Villager (Male) ×4 |
| 0:02 | Construir | House |
| 0:03 | Construir | House |
| 1:31 | Crear | Villager (Male) |
| 1:58 | Crear | Villager (Male) |
| 2:01 | Construir | Lumber Camp |
| 2:25 | Crear | Villager (Male) |
| 2:48 | Crear | Villager (Male) |
| 3:04 | Construir | House |
| 3:07 | Crear | Villager (Male) |
| 3:30 | Crear | Villager (Male) |
| 3:57 | Crear | Villager (Male) |
| 4:16 | Construir | Mill |
| 4:28 | Crear | Villager (Male) |
| 4:54 | Crear | Villager (Male) |
| 5:26 | Crear | Villager (Male) |
| 5:41 | Crear | Villager (Male) |
| 6:00 | Crear | Villager (Male) |
| 6:22 | Investigar | Loom |
| 7:12 | Investigar | Feudal Age |
| 7:26 | Construir | Mining Camp |
| 8:07 | Crear | Villager (Male) |
| 8:07 | Crear | Villager (Male) |
| 8:19 | Construir | House |
| 8:26 | Construir | Barracks |
| 9:19 | Construir | House |
| 9:22 | Edad | Edad Feudal |
| 9:40 | Construir | Archery Range |
| 10:16 | Crear | Villager (Male) |
| 10:26 | Construir | Palisade Wall |
| 10:31 | Investigar | Double-Bit Axe |
| 10:32 | Crear | Villager (Male) |
| 10:34 | Crear | Archer |
| 10:34 | Crear | Archer |
| 10:37 | Crear | Spearman |
| 10:37 | Crear | Spearman |
| 10:46 | Construir | House |
| 10:47 | Construir | House |
| 10:55 | Construir | Palisade Wall |
| 11:07 | Crear | Villager (Male) |
| 11:07 | Crear | Villager (Male) |
| 11:32 | Construir | House |
| 11:34 | Construir | House |
| 11:36 | Construir | House |
| 11:37 | Construir | House |
| 11:54 | Construir | Palisade Wall |
| 11:56 | Crear | Villager (Male) |
| 11:58 | Crear | Archer |
| 11:58 | Crear | Archer |
| 12:08 | Construir | House |
| 12:09 | Construir | House |
| 12:17 | Construir | Palisade Gate |
| 12:23 | Crear | Villager (Male) |
| 12:23 | Crear | Villager (Male) |
| 12:44 | Crear | Archer |
| 13:05 | Crear | Villager (Male) |
| 13:21 | Construir | Archery Range |
| 13:26 | Crear | Villager (Male) |
| 13:29 | Construir | House |
| 13:31 | Construir | House |
| 13:33 | Construir | House |
| 13:38 | Crear | Villager (Male) |
| 13:43 | Construir | Farm |
| 13:46 | Construir | Farm |
| 13:48 | Construir | Farm |
| 14:12 | Construir | House |
| 14:16 | Crear | Villager (Male) |
| 14:19 | Construir | Farm |
| 14:22 | Construir | Farm |
| 14:25 | Crear | Villager (Male) |
| 14:29 | Crear | Archer |
| 14:29 | Crear | Archer |
| 14:59 | Crear | Villager (Male) |
| 15:05 | Construir | Blacksmith |
| 15:07 | Construir | House |
| 15:08 | Construir | House |
| 15:27 | Crear | Villager (Male) |
| 15:29 | Crear | Archer |
| 15:29 | Crear | Archer |
| 15:30 | Crear | Archer |
| 15:40 | Investigar | Horse Collar |
| 15:50 | Crear | Archer |
| 15:50 | Crear | Archer |
| 16:18 | Construir | Farm |
| 16:22 | Construir | Farm |
| 16:26 | Construir | Farm |
| 16:27 | Crear | Villager (Male) |
| 16:27 | Crear | Villager (Male) |
| 16:37 | Construir | Lumber Camp |
| 16:45 | Crear | Villager (Male) |
| 16:55 | Crear | Archer |
| 16:55 | Crear | Archer |
| 16:55 | Crear | Archer |
| 17:02 | Construir | Farm |
| 17:05 | Crear | Villager (Male) |
| 17:21 | Crear | Villager (Male) |
| 17:25 | Construir | Farm |
| 18:10 | Construir | Farm |
| 18:16 | Construir | House |
| 18:20 | Crear | Villager (Male) |
| 18:24 | Construir | Farm |
| 18:27 | Construir | Farm |
| 18:43 | Construir | Farm |
| 18:46 | Crear | Villager (Male) |
| 18:53 | Construir | Market |
| 19:07 | Construir | Farm |
| 19:10 | Construir | Farm |
| 19:19 | Investigar | Wheelbarrow |
| 19:27 | Construir | Farm |
| 19:36 | Crear | Archer |
| 19:36 | Crear | Archer |
| 19:36 | Crear | Archer |
| 20:06 | Investigar | Castle Age |
| 20:15 | Construir | Gate |
| 20:23 | Construir | Stone Wall |
| 21:02 | Investigar | Fletching |
| 21:32 | Crear | Archer ×5 |
| 21:45 | Construir | House |
| 21:58 | Construir | House |
| 22:05 | Construir | House |
| 22:10 | Investigar | Padded Archer Armor |
| 22:32 | Construir | House |
| 22:41 | Crear | Archer ×5 |
| 22:48 | Construir | House |
| 22:53 | Construir | Lumber Camp |
| 23:14 | Construir | House |
| 23:17 | Edad | Edad de los Castillos |
| 23:28 | Investigar | Crossbowman (upgrade) |
| 23:29 | Investigar | Bodkin Arrow |
| 23:54 | Construir | Palisade Wall |
| 24:11 | Crear | Villager (Male) ×5 |
| 24:25 | Crear | Archer ×5 |
| 24:53 | Construir | Town Center |
| 25:19 | Construir | University |
| 25:23 | Investigar | Bow Saw |
| 25:30 | Investigar | Gold Mining |
| 25:39 | Construir | Farm |
| 26:32 | Crear | Archer ×5 |
| 26:32 | Crear | Archer ×5 |
| 26:45 | Crear | Villager (Male) ×5 |
| 26:45 | Crear | Villager (Male) ×5 |
| 26:59 | Construir | Archery Range |
| 27:03 | Construir | Stone Wall |
| 27:17 | Crear | Archer ×4 |
| 28:04 | Investigar | Ballistics |
| 28:29 | Crear | Archer ×2 |
| 28:36 | Construir | Mining Camp |
| 28:45 | Crear | Archer ×2 |
| 28:53 | Crear | Villager (Male) ×5 |
| 28:54 | Crear | Villager (Male) ×5 |
Build order — sourover
Primeras 150 de 459 acciones detectadas
| 0:01 | Crear | Villager (Male) |
| 0:01 | Crear | Villager (Male) |
| 0:02 | Crear | Villager (Male) |
| 0:02 | Crear | Villager (Male) |
| 0:04 | Construir | House |
| 0:05 | Construir | House |
| 1:27 | Crear | Villager (Male) |
| 1:51 | Construir | Lumber Camp |
| 2:20 | Crear | Villager (Male) |
| 2:22 | Crear | Villager (Male) |
| 3:08 | Crear | Villager (Male) |
| 3:44 | Construir | House |
| 3:47 | Construir | Mill |
| 3:50 | Crear | Villager (Male) |
| 4:06 | Crear | Villager (Male) |
| 4:38 | Crear | Villager (Male) |
| 4:38 | Crear | Villager (Male) |
| 5:07 | Crear | Villager (Male) |
| 5:12 | Crear | Villager (Male) |
| 5:12 | Crear | Villager (Male) |
| 6:13 | Crear | Villager (Male) |
| 6:24 | Construir | House |
| 6:31 | Crear | Villager (Male) |
| 6:48 | Crear | Villager (Male) |
| 7:02 | Crear | Villager (Male) |
| 7:33 | Construir | Farm |
| 7:36 | Crear | Villager (Male) |
| 7:59 | Crear | Villager (Male) |
| 8:03 | Construir | Mining Camp |
| 8:11 | Investigar | Loom |
| 8:24 | Crear | Villager (Male) |
| 8:41 | Construir | Farm |
| 8:45 | Investigar | Feudal Age |
| 8:48 | Construir | Farm |
| 8:51 | Construir | Farm |
| 9:24 | Construir | Farm |
| 9:27 | Construir | Farm |
| 9:31 | Construir | Farm |
| 9:45 | Construir | Farm |
| 9:55 | Construir | House |
| 10:21 | Construir | Farm |
| 10:25 | Construir | Farm |
| 11:25 | Crear | Villager (Male) |
| 11:50 | Edad | Edad Feudal |
| 11:51 | Construir | Farm |
| 11:51 | Construir | Farm |
| 11:52 | Construir | Farm |
| 11:52 | Construir | Farm |
| 11:53 | Construir | Farm |
| 12:05 | Construir | Farm |
| 12:27 | Crear | Villager (Male) |
| 12:32 | Investigar | Castle Age |
| 13:12 | Crear | Villager (Male) |
| 13:12 | Crear | Villager (Male) |
| 14:08 | Crear | Villager (Male) |
| 14:32 | Construir | Stable |
| 15:04 | Crear | Villager (Male) |
| 15:06 | Investigar | Double-Bit Axe |
| 15:12 | Edad | Edad de los Castillos |
| 15:24 | Crear | Knight |
| 15:24 | Crear | Knight |
| 15:25 | Crear | Knight |
| 15:55 | Construir | Blacksmith |
| 16:00 | Crear | Villager (Male) |
| 16:11 | Construir | House |
| 16:17 | Investigar | Town Watch |
| 16:20 | Crear | Knight |
| 16:21 | Investigar | Husbandry |
| 16:27 | Construir | House |
| 16:28 | Construir | House |
| 16:50 | Crear | Villager (Male) |
| 16:56 | Investigar | Scale Barding Armor |
| 16:56 | Investigar | Forging |
| 17:01 | Investigar | Bow Saw |
| 17:19 | Crear | Villager (Male) |
| 17:39 | Crear | Villager (Male) |
| 17:40 | Investigar | Wheelbarrow |
| 17:53 | Crear | Villager (Male) |
| 17:55 | Construir | Farm |
| 17:59 | Investigar | Horse Collar |
| 18:30 | Crear | Villager (Male) |
| 18:34 | Construir | Farm |
| 18:34 | Construir | Farm |
| 18:34 | Construir | Farm |
| 18:34 | Construir | Farm |
| 18:35 | Construir | Farm |
| 18:35 | Construir | Farm |
| 18:45 | Crear | Villager (Male) |
| 18:46 | Crear | Knight |
| 19:00 | Construir | Farm |
| 19:02 | Construir | Farm |
| 19:22 | Crear | Knight |
| 19:22 | Crear | Knight |
| 19:34 | Crear | Villager (Male) |
| 19:58 | Construir | Siege Workshop |
| 19:59 | Crear | Villager (Male) |
| 20:01 | Crear | Knight |
| 20:34 | Crear | Villager (Male) |
| 20:36 | Construir | House |
| 20:37 | Construir | House |
| 20:39 | Construir | House |
| 20:40 | Construir | House |
| 20:47 | Crear | Scorpion |
| 21:08 | Crear | Scorpion |
| 21:14 | Construir | Farm |
| 21:53 | Construir | Monastery |
| 21:56 | Crear | Villager (Male) |
| 21:57 | Crear | Knight |
| 22:25 | Crear | Villager (Male) |
| 22:27 | Investigar | Iron Casting |
| 22:44 | Crear | Villager (Male) |
| 23:08 | Crear | Villager (Male) |
| 23:08 | Crear | Villager (Male) |
| 23:09 | Crear | Knight |
| 23:35 | Crear | Villager (Male) |
| 23:35 | Crear | Villager (Male) |
| 23:46 | Crear | Knight |
| 23:46 | Crear | Knight |
| 23:47 | Crear | Villager (Male) |
| 23:53 | Construir | Town Center |
| 24:02 | Crear | Villager (Male) |
| 24:34 | Crear | Scorpion |
| 24:43 | Crear | Villager (Male) |
| 24:45 | Construir | Farm |
| 24:46 | Construir | Farm |
| 24:52 | Construir | Town Center |
| 24:58 | Construir | Farm |
| 24:58 | Construir | Farm |
| 24:59 | Construir | Farm |
| 24:59 | Construir | Farm |
| 25:16 | Crear | Monk |
| 25:19 | Crear | Villager (Male) |
| 25:19 | Crear | Villager (Male) |
| 25:29 | Construir | Farm |
| 25:32 | Construir | Farm |
| 25:33 | Crear | Villager (Male) |
| 25:44 | Crear | Villager (Male) |
| 26:20 | Crear | Knight |
| 26:20 | Crear | Knight |
| 26:34 | Crear | Scout Cavalry |
| 26:47 | Construir | Farm |
| 26:47 | Construir | Farm |
| 26:47 | Construir | Farm |
| 26:47 | Construir | Farm |
| 26:48 | Construir | Farm |
| 26:48 | Construir | Farm |
| 26:48 | Construir | Farm |
| 26:48 | Construir | Farm |
| 26:51 | Crear | Knight |
| 26:54 | Construir | Stable |
Build order — Edarin
Primeras 150 de 454 acciones detectadas
| 0:00 | Crear | Villager (Male) |
| 0:01 | Crear | Villager (Male) |
| 0:01 | Crear | Villager (Male) |
| 0:02 | Construir | House |
| 0:03 | Construir | House |
| 0:07 | Crear | Villager (Male) |
| 0:07 | Crear | Villager (Male) |
| 0:07 | Crear | Villager (Male) |
| 1:22 | Crear | Villager (Male) |
| 2:10 | Crear | Villager (Male) |
| 2:10 | Crear | Villager (Male) |
| 2:30 | Construir | Lumber Camp |
| 2:36 | Crear | Villager (Male) |
| 3:25 | Construir | House |
| 3:26 | Construir | House |
| 3:49 | Crear | Villager (Male) |
| 3:49 | Crear | Villager (Male) |
| 3:50 | Crear | Villager (Male) |
| 3:50 | Crear | Villager (Male) |
| 4:10 | Crear | Villager (Male) |
| 4:30 | Crear | Villager (Male) |
| 4:46 | Construir | Mill |
| 6:03 | Investigar | Loom |
| 6:18 | Construir | House |
| 6:21 | Construir | House |
| 6:49 | Crear | Villager (Male) |
| 7:02 | Construir | Palisade Wall |
| 7:12 | Construir | Palisade Wall |
| 7:14 | Crear | Villager (Male) |
| 7:20 | Investigar | Feudal Age |
| 7:20 | Investigar | Feudal Age |
| 7:46 | Construir | Barracks |
| 8:53 | Crear | Villager (Male) |
| 9:01 | Construir | Palisade Gate |
| 9:07 | Construir | House |
| 9:09 | Construir | Palisade Wall |
| 9:13 | Construir | Palisade Wall |
| 9:19 | Construir | House |
| 9:20 | Construir | Palisade Wall |
| 9:25 | Construir | Palisade Wall |
| 9:30 | Edad | Edad Feudal |
| 9:34 | Construir | Palisade Gate |
| 9:41 | Crear | Villager (Male) |
| 9:48 | Crear | Spearman |
| 9:48 | Crear | Spearman |
| 9:50 | Crear | Villager (Male) |
| 10:14 | Investigar | Double-Bit Axe |
| 10:28 | Construir | House |
| 10:29 | Construir | Palisade Wall |
| 10:59 | Crear | Villager (Male) |
| 11:28 | Construir | Blacksmith |
| 11:31 | Crear | Villager (Male) |
| 11:37 | Construir | Mining Camp |
| 11:49 | Crear | Villager (Male) |
| 11:51 | Crear | Villager (Male) |
| 12:26 | Construir | Lumber Camp |
| 12:34 | Crear | Villager (Male) |
| 12:56 | Crear | Villager (Male) |
| 13:21 | Construir | Stable |
| 13:28 | Crear | Villager (Male) |
| 13:34 | Construir | Farm |
| 13:35 | Construir | Farm |
| 13:37 | Construir | Farm |
| 13:39 | Construir | Farm |
| 13:52 | Construir | Palisade Wall |
| 13:53 | Construir | Palisade Wall |
| 14:13 | Crear | Villager (Male) |
| 14:17 | Construir | Farm |
| 14:26 | Crear | Villager (Male) |
| 14:34 | Construir | Farm |
| 14:40 | Construir | Farm |
| 14:40 | Construir | Farm |
| 15:10 | Crear | Villager (Male) |
| 15:11 | Crear | Villager (Male) |
| 15:14 | Construir | Farm |
| 15:14 | Construir | Farm |
| 15:14 | Construir | Farm |
| 15:15 | Construir | Farm |
| 15:15 | Construir | Farm |
| 15:17 | Construir | Farm |
| 15:17 | Construir | Farm |
| 15:22 | Crear | Spearman |
| 15:50 | Crear | Villager (Male) |
| 15:52 | Construir | Farm |
| 16:01 | Crear | Villager (Male) |
| 16:05 | Investigar | Horse Collar |
| 16:16 | Crear | Villager (Male) |
| 16:34 | Crear | Villager (Male) |
| 16:42 | Construir | Farm |
| 16:42 | Construir | Farm |
| 16:43 | Construir | Farm |
| 16:53 | Crear | Villager (Male) |
| 17:00 | Construir | House |
| 17:00 | Construir | House |
| 17:01 | Construir | House |
| 17:23 | Crear | Villager (Male) |
| 17:28 | Construir | Farm |
| 17:28 | Construir | Farm |
| 17:47 | Crear | Villager (Male) |
| 17:51 | Construir | Farm |
| 18:12 | Construir | Stable |
| 18:25 | Investigar | Castle Age |
| 18:49 | Investigar | Gold Mining |
| 19:13 | Crear | Villager (Male) |
| 19:25 | Construir | Archery Range |
| 19:32 | Construir | Archery Range |
| 19:44 | Crear | Villager (Male) |
| 20:00 | Crear | Villager (Male) |
| 20:07 | Construir | Archery Range |
| 20:22 | Crear | Villager (Male) |
| 20:35 | Crear | Villager (Male) |
| 20:42 | Construir | House |
| 20:53 | Investigar | Bloodlines |
| 20:58 | Investigar | Fletching |
| 21:00 | Investigar | Padded Archer Armor |
| 21:10 | Edad | Edad de los Castillos |
| 21:13 | Crear | Villager (Male) |
| 21:17 | Construir | Monastery |
| 21:30 | Investigar | Wheelbarrow |
| 21:32 | Investigar | Scale Barding Armor |
| 21:33 | Investigar | Bodkin Arrow |
| 21:37 | Investigar | Scale Barding Armor |
| 21:39 | Crear | Knight |
| 21:39 | Crear | Knight |
| 21:41 | Crear | Villager (Male) |
| 21:49 | Crear | Villager (Male) |
| 21:57 | Crear | Monk |
| 22:16 | Crear | Villager (Male) |
| 22:22 | Crear | Villager (Male) |
| 22:31 | Crear | Skirmisher |
| 22:31 | Crear | Skirmisher |
| 22:37 | Construir | Town Center |
| 22:40 | Crear | Villager (Male) |
| 22:54 | Crear | Villager (Male) |
| 22:58 | Crear | Skirmisher |
| 22:58 | Crear | Skirmisher |
| 23:13 | Crear | Knight |
| 23:14 | Crear | Knight |
| 23:15 | Crear | Villager (Male) |
| 23:25 | Crear | Villager (Male) |
| 23:27 | Crear | Villager (Male) |
| 23:40 | Crear | Skirmisher |
| 23:40 | Crear | Skirmisher |
| 23:42 | Crear | Skirmisher |
| 24:02 | Crear | Skirmisher |
| 24:03 | Crear | Skirmisher |
| 24:07 | Crear | Villager (Male) |
| 24:24 | Investigar | Husbandry |
| 24:26 | Crear | Villager (Male) |
| 24:28 | Crear | Knight |
Cronología de la partida
| 7:02 | Edarin · wall_segment Palisade Wall x20 |
| 7:12 | Edarin · wall_segment Palisade Wall x12 |
| 7:46 | Edarin · first_building Barracks |
| 7:50 | Fresh Keppler | BigF · wall_segment Palisade Wall x9 |
| 7:55 | Fresh Keppler | BigF · wall_segment Palisade Wall x1 |
| 7:59 | Fresh Keppler | BigF · wall_segment Palisade Wall x7 |
| 8:26 | Miel · first_building Barracks |
| 9:09 | Edarin · wall_segment Palisade Wall x2 |
| 9:13 | Edarin · wall_segment Palisade Wall x7 |
| 9:19 | Fresh Keppler | BigF · age_up feudal |
| 9:20 | Edarin · wall_segment Palisade Wall x1 |
| 9:22 | Miel · age_up feudal |
| 9:25 | Edarin · wall_segment Palisade Wall x1 |
| 9:30 | Edarin · age_up feudal |
| 9:34 | Fresh Keppler | BigF · first_building Barracks |
| 9:40 | Miel · first_building Archery Range |
| 10:26 | Miel · wall_segment Palisade Wall x1 |
| 10:29 | Edarin · wall_segment Palisade Wall x1 |
| 10:50 | Fresh Keppler | BigF · first_building Stable |
| 10:55 | Miel · wall_segment Palisade Wall x12 |
| 11:50 | sourover · age_up feudal |
| 11:54 | Miel · wall_segment Palisade Wall x9 |
| 12:09 | Fresh Keppler | BigF · wall_segment Palisade Wall x2 |
| 13:21 | Edarin · first_building Stable |
| 13:52 | Edarin · wall_segment Palisade Wall x1 |
| 13:53 | Edarin · wall_segment Palisade Wall x1 |
| 14:32 | sourover · first_building Stable |
| 15:12 | sourover · age_up castle |
| 17:08 | Fresh Keppler | BigF · first_building Archery Range |
| 19:25 | Edarin · first_building Archery Range |
| 19:41 | Miel · first_market_buy 100 food |
| 19:47 | Miel · first_market_sell 100 stone |
| 19:58 | sourover · first_building Siege Workshop |
| 20:23 | Miel · wall_segment Stone Wall x1 |
| 21:10 | Edarin · age_up castle |
| 21:17 | Edarin · first_building Monastery |
| 21:22 | Fresh Keppler | BigF · age_up castle |
| 21:53 | sourover · first_building Monastery |
| 23:17 | Miel · age_up castle |
| 23:54 | Miel · wall_segment Palisade Wall x1 |
| 24:35 | Fresh Keppler | BigF · first_building Monastery |
| 27:03 | Miel · wall_segment Stone Wall x1 |
| 29:38 | Edarin · wall_segment Palisade Wall x1 |
| 29:40 | Edarin · wall_segment Palisade Wall x1 |
| 32:45 | sourover · first_building Castle |
| 33:09 | Fresh Keppler | BigF · first_building Castle |
| 34:18 | Fresh Keppler | BigF · wall_segment Palisade Wall x1 |
| 36:40 | Edarin · first_building Castle |
| 37:04 | Miel · first_building Castle |
| 40:00 | Edarin · age_up imperial |
| 41:05 | Edarin · first_market_sell 100 wood |
| 41:48 | Edarin · wall_segment Stone Wall x13 |
| 42:20 | Fresh Keppler | BigF · age_up imperial |
| 43:00 | Miel · age_up imperial |
| 43:50 | Edarin · wall_segment Stone Wall x1 |
| 45:05 | Fresh Keppler | BigF · first_market_sell 500 wood |
| 46:51 | sourover · age_up imperial |
| 48:17 | sourover · resign |
[ ANÁLISIS IA · 1 CRÉDITO ]
¿Qué pasó realmente en esta partida?
Wolo.gg analiza cada decisión: build order, eco, micro, errores típicos por bracket. Análisis personalizado por WhatsApp o Discord en 30 segundos.
Guía civ
Tártaros
Perfil
Jugador #4699264